 Dungeon Crawl Stone Soup version 0.30-a0-778-g2ef04afb54 (webtiles) character file.

Game seed: 2559441915899811279

8 IndexError the Shooter (level 2, 14/16 HPs)
             Began as a Deep Elf Hunter on Feb 16, 2023.
             Quit the game on level 1 of the Dungeon.
             The game lasted 00:00:29 (626 turns).

IndexError the Shooter (Deep Elf Hunter)             Turns: 626, Time: 00:00:30

Health: 14/16      AC:  3    Str:  8    XL:     2   Next: 0%
Magic:  4/4        EV: 12    Int: 13    God:
Gold:   61         SH:  0    Dex: 18    Spells: 1/1 levels left

rFire   . . .      SeeInvis .    a - +0 shortbow
rCold   . . .      Faith    .    (shield currently unavailable)
rNeg    . . .      Spirit   .    c - +0 leather armour
rPois   .          Reflect  .    (no helmet)
rElec   .          Harm     .    (no cloak)
rCorr   .          Rampage  .    (no gloves)
Will    .....                    (no boots)
Stlth   ++                       (no amulet)
HPRegen 0.22/turn                (no ring)
MPRegen 0.09/turn                (no ring)

@: no status effects
A: no striking features
a: no special abilities


You were on level 1 of the Dungeon.
You visited 1 branch of the dungeon, and saw 1 of its levels.

You collected 61 gold pieces.

Inventory:

Hand Weapons
 a - a +0 shortbow (weapon)
Armour
 c - a +0 leather armour (worn)
 d - a +0 leather armour
   (You found it on level 1 of the Dungeon)
 j - a +0 robe
   (You found it on level 1 of the Dungeon)
Magical Staves
 i - a staff of conjuration {!a}
   (You found it on level 1 of the Dungeon)
Scrolls
 b - a scroll of immolation {!r}
 e - a scroll of vulnerability {unknown}
 g - a scroll of identify {unknown}
Potions
 f - 2 potions of flight {unknown}
 h - a potion of haste {unknown}


   Skills:
 - Level 1.5 Fighting
 + Level 5.9 Ranged Weapons
 - Level 2.4 Dodging
 - Level 1.2 Stealth


You had one spell level left.
You didn't know any spells.
Your spell library was empty.

Dungeon Overview and Level Annotations

Branches:
Dungeon (1/15)

Altars:


Message History

No target in view!
h - a smoky black potion An endoplasm comes into view.
An endoplasm is nearby!
An endoplasm is nearby!
You shoot an arrow. The arrow hits the endoplasm.
The endoplasm quivers.
You shoot an arrow. The arrow hits the endoplasm.
You shoot an arrow. The arrow barely misses the endoplasm.
You shoot an arrow. The arrow hits the endoplasm.
You shoot an arrow. The arrow hits the endoplasm!
No target in view!
No target in view!
i - a staff of conjuration {!a} You now have 61 gold pieces (gained 9).
You open the door.
Found an escape hatch in the floor.
There is an open door here.
You open the door.
There is an open door here.
Found a stone staircase leading down.
j - a +0 robe You open the door.
There is an open door here.
Found a faded altar of an unknown god.
A kobold comes into view. It is wielding a +0 short sword.
The kobold shouts!
A kobold is nearby!
A kobold is nearby!
You shoot an arrow. The arrow hits the kobold.
No target in view!
No target in view!
You open the door.
A giant cockroach comes into view.
Spoiler Alert: The giant cockroach is fast!
A giant cockroach is nearby!
You shoot an arrow.
The arrow hits the giant cockroach but does no damage.
You shoot an arrow. The arrow hits the giant cockroach.
You shoot an arrow.
The arrow barely misses the giant cockroach.
Spoiler Alert: The giant cockroach is fast!
You shoot an arrow. The arrow hits the giant cockroach.
No target in view!
There is an open door here.
You open the door.
There is an open door here.
Found a stone staircase leading down.
There is a stone staircase leading down here.
A hobgoblin comes into view.
A hobgoblin is nearby!
You shoot an arrow.
The arrow hits the hobgoblin but does no damage.
The hobgoblin shouts!
You shoot an arrow.
The arrow hits the hobgoblin but does no damage.
You shoot an arrow. The arrow barely misses the hobgoblin.
You shoot an arrow. The arrow hits the hobgoblin.
The hobgoblin hits you. The hobgoblin barely misses you.
You take 2 damage, and have 10/12 hp.
You shoot an arrow. The arrow hits the hobgoblin.
The hobgoblin closely misses you.
You shoot an arrow.
The arrow hits the hobgoblin but does no damage.
The hobgoblin barely misses you.
You shoot an arrow.
The arrow hits the hobgoblin but does no damage.
The hobgoblin closely misses you.
You shoot an arrow. The arrow barely misses the hobgoblin.
The hobgoblin hits you.
The hobgoblin hits you but does no damage.
You shoot an arrow. The arrow closely misses the hobgoblin.
The hobgoblin barely misses you.
You shoot an arrow. The arrow hits the hobgoblin!
You have reached level 2!
No target in view!
No target in view!
No target in view!
Unknown command.
Unknown command.
Fire: a) +0 shortbow
Press: ? - help, Q - select action Shift-Dir - straight line, f - you Really target yourself? [Y]es or [N]o only, please.
Really target yourself? [Y]es or [N]o only, please.
Really target yourself? [Y]es or [N]o only, please.
Really target yourself?
That arrow is likely to hit you.
Continue anyway? [Y]es or [N]o only, please.
That arrow is likely to hit you.
Continue anyway? [Y]es or [N]o only, please.
That arrow is likely to hit you.
Continue anyway?
Okay, then.
You regained 4 hp, and now have 14/16 hp.
MP restored: 4 Unknown command.
Unknown command.
Are you sure you want to abandon this character and quit the game? (Confirm with "yes".)

### ### #.#.# ##.##
##.#.#######
##...####...........
#............######
##.>.####....# ##.##
#.....## #.#
##.....# #.# #.###.#
#.#####.# #@#
#.#..#..# #.#
#...###.. ..#
####....#....###
#......## ...
##.....## #.
##.......# ..
........## ##
#....#.##


There were no monsters in sight!

Vanquished Creatures
  An endoplasm (D:1)
  A giant cockroach (D:1)
  A goblin (D:1)
  A hobgoblin (D:1)
  A bat (D:1)
  A frilled lizard (D:1)
  2 kobolds (D:1)
8 creatures vanquished.

Notes
Turn   | Place    | Note
-------+----------+-------------------------------------------
     0 | D:1      | IndexError the Deep Elf Hunter began the quest for the Orb.
     0 | D:1      | Reached XP level 1. HP: 12/12 MP: 3/3
   399 | D:1      | Found a faded altar of an unknown god.
   626 | D:1      | Reached XP level 2. HP: 14/16 MP: 4/4
   626 | D:1      | Quit the game

Illustrated notes

Levels and vault maps discovered:
D:1:      onia_arrival_pyramid, layout_loops_corners, basic_ecumenical_altar,
          nicolae_figureground_sparkle

Action                     || total
---------------------------++-------
   Fire: Shortbow          ||    24
 Armour: Leather armour    ||     1
  Dodge: Dodged            ||     5

Table legend: (Time is in decaauts)
 A = Elapsed time spent in this place.
 B = Non-inter-level travel time spent in this place.
 C = Inter-level travel time spent in this place.
 D = Time resting spent in this place.
 E = Time spent auto-exploring this place.
 F = Levels seen in this place.
 G = Mean time per level.
                   A        B        C        D        E       F      G
               +--------+--------+--------+--------+--------+-----+--------+
         Total |    632 |    632 |      0 |      0 |    585 |   1 |  632.0 |
       Dungeon |    632 |    632 |      0 |      0 |    585 |   1 |  632.0 |
               +--------+--------+--------+--------+--------+-----+--------+

Top non-repeatable levels by time:
     D:1: 632 daAuts

Table legend:
 A = Kills in this place as a percentage of kills in entire the game.
 B = Kills by you in this place as a percentage of kills by you in the entire game.
 C = Kills by friends in this place as a percentage of kills by friends in the entire game.
 D = Other kills in this place as a percentage of other kills in the entire game.
 E = Experience gained in this place as a percentage of experience gained in the entire game.
 F = Experience gained in this place divided by the number of levels of this place that you have seen.
                   A       B       C       D       E      F
               +-------+-------+-------+-------+-------+----------------------
         Total | 100.0 | 100.0 |   N/A |   N/A | 100.0 |  12.0
       Dungeon | 100.0 | 100.0 |   N/A |   N/A | 100.0 |  12.0
               +-------+-------+-------+-------+-------+----------------------
